 Dungeon Crawl Stone Soup version 0.19.0-23-gf02e663 (webtiles) character file.

275 Drunkenshrew the Slasher (level 6, -1/43 HPs)
             Began as a High Elf Berserker on Nov 19, 2016.
             Was a Priest of Trog.
             Slain by glosham's ghost (6 damage)
             ... on level 3 of the Dungeon.
             The game lasted 00:09:00 (4435 turns).

Drunkenshrew the Slasher (High Elf Berserker)       Turns: 4435, Time: 00:09:00

Health: -1/43      AC:  4    Str: 20 (21) XL:     6   Next: 3%
Magic:  7/7        EV: 13    Int:  9 (12) God:    Trog [***...]
Gold:   151        SH:  0    Dex: 14 (16) Spells: 0 memorised, 5 levels left

rFire  . . .     SeeInvis .     a - +0 falchion
rCold  . . .     Gourm    .     d - +0 leather armour
rNeg   . . .     Faith    +     (no shield)
rPois  .         Spirit   .     (no helmet)
rElec  .         Reflect  .     (no cloak)
rCorr  .         Harm     .     (no gloves)
MR     .....                    x - +0 pair of boots
Stlth  +.........               t - amulet of faith
                                (no ring)
                                (no ring)

@: mighty, flying
A: no striking features
a: Berserk, Trog's Hand, Burn Spellbooks, Renounce Religion


You were on level 3 of the Dungeon.
You worshipped Trog.
Trog was most pleased with you.
You were hungry.

You visited 1 branch of the dungeon, and saw 3 of its levels.

You collected 151 gold pieces.

Inventory:

Hand Weapons
 a - a +0 falchion (weapon)
Missiles
 i - 18 arrows
Armour
 d - a +0 leather armour (worn)
 h - a +0 ring mail
 x - a +0 pair of boots (worn)
Jewellery
 t - an amulet of faith (around neck)
Wands
 n - a wand of slowing (12/48)
Scrolls
 e - 2 scrolls of recharging {unknown}
 g - 7 scrolls of remove curse {unknown}
 j - 2 scrolls of magic mapping {unknown}
 l - a scroll of teleportation {unknown}
 m - 2 scrolls of enchant weapon {unknown}
 o - a scroll of random uselessness {unknown}
 r - 2 scrolls of fear {unknown}
 w - a scroll of enchant armour {unknown}
 y - a scroll of noise {unknown}
Potions
 k - 4 potions of curing
Comestibles
 b - a slice of pizza
 c - 2 bread rations
 f - 4 meat rations
 p - 4 fruits
 A - a beef jerky


   Skills:
 + Level 4.1 Fighting
 - Level 7.0 Long Blades
 - Level 1.7 Armour
 - Level 3.0 Dodging


You had 5 spell levels left.
You didn't know any spells.

Dungeon Overview and Level Annotations

Branches:
Dungeon (3/15)

Altars:

Annotations:
D:3 glosham's ghost, weakling OgMo


Message History

You closely miss glosham's ghost.
Glosham's ghost is moderately damaged.
Glosham's ghost hits you!
You closely miss glosham's ghost.
Glosham's ghost is moderately damaged.
Glosham's ghost hits you.
* * * LOW HITPOINT WARNING * * *
It was a potion of degeneration.
There was something very wrong with that liquid.
You feel weakened.
You feel dopey.
You feel clumsy. Glosham's ghost hits you.
* * * LOW HITPOINT WARNING * * *
It was a potion of flight.
You feel very buoyant.
You fly up into the air.
Glosham's ghost misses you.
You riposte.
You closely miss glosham's ghost.
Glosham's ghost is moderately damaged.
It was a potion of magic.
Magic courses through your body. Glosham's ghost hits you.
You die...

#......#####≈≈≈..≈..≈≈.
###.##....#≈≈≈..≈..≈..≈
####......##≈≈...≈.⌠≈..≈
#.....##..##≈≈..≈..≈⌠.≈.
#.....###..#≈≈..≈..≈..≈..≈
#..........##≈[..≈≈..≈..≈≈
#...#.#...#.##.......≈..≈.
#####....##.##...W....≈≈..
#........#..@.........
#####....##...............
......................####
........#####.............
.....[..# ########.....<
........### ......
..........## .....
.....).....## ....
#####.......# ..


You could see glosham's ghost.

Vanquished Creatures
  A hound (D:2)
  Terence (D:3)
  An orc wizard (D:2)
  7 adders
  4 gnolls
  An ooze (D:2)
  A worm (D:2)
  4 dart slugs
  3 leopard geckos
  6 orcs
  5 ball pythons
  6 bats
  4 giant cockroaches
  6 hobgoblins
  13 kobolds
  A quokka (D:2)
  2 frilled lizards
  2 goblins
  7 rats
75 creatures vanquished.

Notes
Turn   | Place    | Note
-------+----------+-------------------------------------------
     0 | D:1      | Drunkenshrew the High Elf Berserker began the quest for the Orb.
     0 | D:1      | Reached XP level 1. HP: 16/16 MP: 2/2
   528 | D:1      | Reached XP level 2. HP: 19/21 MP: 3/3
   543 | D:1      | Reached skill level 4 in Long Blades
   908 | D:1      | Reached XP level 3. HP: 23/26 MP: 4/4
  1505 | D:2      | Reached skill level 5 in Long Blades
  1562 | D:2      | Reached ** piety under Trog
  2014 | D:2      | Reached XP level 4. HP: 31/31 MP: 5/5
  2717 | D:3      | Noticed Terence
  2725 | D:2      | Reached skill level 6 in Long Blades
  2771 | D:2      | HP: 1/31 [worm (7)]
  2774 | D:2      | Reached XP level 5. HP: 2/36 MP: 6/6
  3393 | D:2      | Reached skill level 7 in Long Blades
  3853 | D:3      | Killed Terence
  4216 | D:3      | Reached *** piety under Trog
  4216 | D:3      | Reached XP level 6. HP: 24/43 MP: 7/7
  4426 | D:3      | Noticed glosham's ghost (weakling OgMo)
  4435 | D:3      | Slain by glosham's ghost

Skill      XL: |  1  2  3  4  5 |
---------------+----------------+-----
Dodging        | 3 |  3.0
Long Blades    | 4 5 6 7 |  7.0
Fighting       | 4 |  4.1
Armour         | |  1.7

Action                   |  1- 3 |  4- 6 || total
-------------------------+-------+-------++-------
Melee: Falchion          |   135 |   188 ||   323
  Use: Potion            |       |     6 ||     6
 Stab: Distracted        |       |     1 ||     1
  Eat: Chunk             |     4 |     7 ||    11
Armor: Leather armour    |    37 |    60 ||    97
       Skin              |       |    10 ||    10
Dodge: Dodged            |    97 |   163 ||   260
       Rpst.: Falchion   |    20 |    53 ||    73
